 Dungeon Crawl Stone Soup version 0.24.0-13-gcf9b3192b9 (webtiles) character file.

Game seed: 3661764482504007323, levelgen mode: classic

635 EnegeticOcto the Ducker (level 7, 0/44 HPs)
             Began as a Kobold Skald on Nov 7, 2019.
             Was a Follower of Okawaru.
             Slain by an orc
             ... wielding a +0 club
              (3 damage)
             ... on level 5 of the Dungeon.
             The game lasted 00:05:43 (3718 turns).

EnegeticOcto the Ducker (Kobold Skald)              Turns: 3718, Time: 00:05:44

Health: 0/44       AC:  6    Str: 13    XL:     7   Next: 79%
Magic:  8/10       EV: 18    Int: 15    God:    Okawaru [*.....]
Gold:   137        SH:  0    Dex: 18    Spells: 7/10 levels left

rFire    x . .     SeeInvis .   r - +0 trident
rCold    + . .     Gourm    .   (shield currently unavailable)
rNeg     . . .     Faith    .   j - +3 leather armour {rC+}
rPois    .         Spirit   .   (no helmet)
rElec    .         Reflect  .   (no cloak)
rCorr    .         Harm     .   (no gloves)
MR       +....                  (no boots)
Stlth    +++.......             (no amulet)
HPRegen  0.14/turn              f - ring "Maikukom" {rF- MR+ Str+3 Dex+4 Slay+4}
MPRegen  0.12/turn              (no ring)

@: flying
A: small, carnivore
a: Heroism, Renounce Religion


You were on level 5 of the Dungeon.
You worshipped Okawaru.
Okawaru was aware of your devotion.
You were very full.

You visited 1 branch of the dungeon, and saw 5 of its levels.

You collected 137 gold pieces.

Inventory:

Hand Weapons
 a - a +0 short sword
 h - a +0 dagger of speed
 r - a +0 trident (weapon)
Missiles
 b - 22 bolts
 g - 45 stones (quivered)
 q - 40 sling bullets
Armour
 j - a +3 leather armour of cold resistance (worn)
Jewellery
 f - the ring "Maikukom" (left hand) {rF- MR+ Str+3 Dex+4 Slay+4}
   (You found it on level 5 of the Dungeon)

   [ring of protection from magic]

   It affects your strength (+3).
   It affects your dexterity (+4).
   It affects your accuracy and damage with ranged weapons and melee attacks
   (+4).
   It makes you vulnerable to fire.
   It affects your resistance to hostile enchantments.
Wands
 k - a wand of random effects (8)
Scrolls
 l - a scroll of enchant armour
 m - a scroll of enchant weapon {unknown}
 p - a scroll of fear {unknown}
Potions
 d - 2 potions of might {@q3 !q}
Comestibles
 e - 4 rations


   Skills:
 + Level 5.2 Fighting
 - Level 2.6 Short Blades
 + Level 2.2 Polearms
 - Level 0.7 Armour
 + Level 5.5 Dodging
 - Level 4.1 Stealth
 - Level 2.1 Spellcasting
 - Level 2.4 Charms
 - Level 2.1 Translocations


You had 7 spell levels left.
You knew the following spells:

 Your Spells              Type           Power        Failure   Level  Hunger
b - Shroud of Golubria    Chrm/Tloc      #.....       17%         2    ###....
c - Infusion              Chrm           #...         11%         1    #......

Your spell library contained the following spells:

 Spells                   Type           Power        Failure   Level  Hunger
 Song of Slaying          Chrm           #.......     16%         2    ###....
 Regeneration             Chrm/Necr      #.........   45%         3    ###....
 Spectral Weapon          Hex/Chrm       #.......     45%         3    ###....


Dungeon Overview and Level Annotations

Branches:
Dungeon (5/15)
 Temple: D:4-7

Altars:
Elyvilon
Okawaru

Annotations:
D:3 2 transporters, Edwards80's ghost, amateur HaAs
D:4 Edmund


Innate Abilities, Weirdness & Mutations

You are small and have problems with some larger weapons.
You are carnivorous and can eat meat at any time.


Message History

The orc wizard is almost dead.
The orc wizard closely misses you. The orc misses you.
The orc wizard misses you. The orc misses you. The orc closely misses you.
You closely miss the orc wizard.
The orc wizard is almost dead.
The orc wizard casts a spell at you. The magic dart hits you.
The orc completely misses you.
The orc hits you but does no damage. x2; The centaur wields a +0 shortbow.
The centaur shoots an arrow.
The arrow misses you. The orc wizard barely misses you.
You closely miss the orc wizard.
The orc wizard is almost dead.
The orc wizard misses you.
The centaur shoots an arrow.
The arrow hits you. The orc completely misses you. The orc misses you.
The orc wizard barely misses you. The orc hits you with a +0 club.
You closely miss the orc wizard.
The orc wizard is almost dead.
The orc hits you but does no damage.
The orc wizard hits you but does no damage.
The orc closely misses you.
The centaur unwields a +0 shortbow.
The centaur closely misses you. The orc barely misses you. The orc misses you.
The orc wizard casts a spell.
The orc wizard blinks!
You barely miss the centaur. The centaur misses you.
The orc hits you but does no damage. The centaur hits you.
The orc closely misses you. The orc hits you but does no damage.
The orc misses you.
Casting: Shroud of Golubria (safe; 17% risk of failure)
Confirm with . or Enter, or press ? or * to list all spells.
Space distorts slightly along a thin shroud covering your body.
The orc wizard casts a spell.
The orc wizard blinks!
The centaur closely misses you. The orc misses you. The orc closely misses you.
The orc wizard casts a spell.
The orc wizard blinks!
The orc misses you. The centaur barely misses you.
You hit the centaur.
The centaur is lightly wounded.
A hound comes into view.
The orc wizard casts a spell.
The orc wizard blinks!
The orc misses you.
The centaur hits you but does no damage.
The orc barely misses you. x3; The orc completely misses you.
The hound moves out of view.
You closely miss the centaur.
The centaur is lightly wounded.
The centaur hits you.
Your shroud falls apart!
The orc wizard mumbles some strange words.
The orc wizard blinks!
The orc closely misses you. The orc hits you with a +0 short sword.
The centaur completely misses you. The orc hits you with a +0 club.
* * * LOW HITPOINT WARNING * * *
The orc barely misses you.
You puncture the centaur!
The centaur is severely wounded.
The centaur closely misses you. The orc closely misses you.
The orc hits you with a +0 short sword.
* * * LOW HITPOINT WARNING * * *
The orc wizard gestures wildly while chanting.
The orc wizard blinks!
The centaur misses you. The orc misses you. The orc closely misses you.
You gain the combat prowess of a mighty hero.
The hound barks!
The orc closely misses you. The centaur completely misses you.
The orc barely misses you. The orc hits you but does no damage.
The orc completely misses you.
The orc wizard casts a spell.
The orc wizard blinks!
You puncture the centaur!
You kill the centaur!
Okawaru accepts your kill. The orc misses you. x3
You closely miss the orc. The orc misses you.
The orc hits you but does no damage. The orc hits you.
* * * LOW HITPOINT WARNING * * *
You hit the orc but do no damage. The orc hits you with a +0 club.
* * * LOW HITPOINT WARNING * * *
The orc completely misses you. The orc hits you with a +0 short sword.
* * * LOW HITPOINT WARNING * * *
The orc completely misses you. The orc closely misses you.
The orc wizard casts a spell.
The orc wizard blinks!
The hound barely misses you. The orc wizard misses you.
The hound completely misses you.
The orc wizard hits you with a +0 dagger.
* * * LOW HITPOINT WARNING * * *
The orc wizard mumbles some strange words.
The orc wizard blinks!
The hound misses you.
There is a stone staircase leading up here.
It was a potion of cancellation.
You feel magically purged.
You feel like a meek peon again. The hound barely misses you.
The orc barely misses you. The orc closely misses you.
The orc wizard casts a spell.
The orc wizard blinks!
The hound misses you.
It was a potion of flight.
You feel very buoyant.
You fly up into the air.
The orc misses you. The orc hits you with a +0 club.
You die...

# ####..........# ...
###[...#........## ...
...........).....#...
......#...(......#...
..........ยง.......###
##
....................#...
....#(#........o.##....#
...##.##.......o##.....#
....#.###.....oh@......#
......# #######oo>...$.#
.....#######....###.#...
.......##....#### .# .
....##.#..#### ..
....##.#.## ..
....##...# . ...)...#.#
.....###.#


You could see a hound, an orc wizard and 4 orcs.

Vanquished Creatures
  An ice beast (D:5)
  3 ogres
  A centaur (D:5)
  An orc priest (D:3)
  2 orc wizards
  Jessica (D:3)
  Ijyb (D:3)
  2 adders
  A shadow imp (D:5)
  An ooze (D:2)
  2 leopard geckos
  4 orcs
  3 giant cockroaches
  5 goblins
  2 hobgoblins
  8 jackals
  3 bats
  3 frilled lizards
  A jackal skeleton (D:5)
  4 kobolds
  A leopard gecko skeleton (D:4)
  A quokka skeleton (D:5)
  3 rats
54 creatures vanquished.

Notes
Turn   | Place    | Note
-------+----------+-------------------------------------------
     0 | D:1      | EnegeticOcto the Kobold Skald began the quest for the Orb.
     0 | D:1      | Reached XP level 1. HP: 12/12 MP: 3/3
   299 | D:1      | Reached skill level 1 in Stealth
   359 | D:1      | Reached XP level 2. HP: 18/18 MP: 5/5
   813 | D:2      | Reached XP level 3. HP: 14/22 MP: 0/6
   819 | D:2      | Learned a level 2 spell: Shroud of Golubria
  1600 | D:3      | Found an iron altar of Okawaru.
  1608 | D:3      | Became a worshipper of Warmaster Okawaru
  1642 | D:3      | Noticed Ijyb
  1743 | D:3      | Killed Ijyb
  1743 | D:3      | Reached XP level 4. HP: 13/28 MP: 2/7
  1973 | D:3      | Noticed Jessica
  1981 | D:3      | Killed Jessica
  2237 | D:3      | Reached XP level 5. HP: 29/32 MP: 2/8
  2294 | D:3      | Found a transporter.
  2300 | D:3      | Noticed Edwards80's ghost (amateur HaAs)
  2301 | D:3      | Found a transporter.
  2304 | D:3      | Identified the +3 great mace "Daew Lyu" {freeze, rF+ rC+
                  | rN+ Int+2}
  2304 | D:3      | Noticed an ogre
  2757 | D:3      | Found a white marble altar of Elyvilon.
  2978 | D:4      | Noticed an ogre
  2984 | D:4      | Killed an ogre
  2984 | D:4      | Reached * piety under Okawaru
  2984 | D:4      | Reached skill level 1 in Translocations
  2984 | D:4      | Reached XP level 6. HP: 38/38 MP: 6/9
  2985 | D:4      | Noticed Edmund
  2990 | D:4      | Noticed an ogre
  3223 | D:4      | You fall into a shaft and drop 1 floor!
  3223 | D:5      | Entered Level 5 of the Dungeon
  3235 | D:5      | Reached skill level 1 in Polearms
  3314 | D:5      | Noticed an ogre
  3324 | D:5      | Killed an ogre
  3324 | D:5      | Reached XP level 7. HP: 44/44 MP: 0/10
  3366 | D:5      | Reached skill level 5 in Dodging
  3367 | D:5      | HP: 1/44 [ogre/+0 giant club (24)]
  3408 | D:5      | Reached skill level 5 in Fighting
  3691 | D:5      | Got a transparent marble ring
  3692 | D:5      | Identified the ring "Maikukom" {rF- MR+ Str+3 Dex+4 Slay+4}
                  | (You found it on level 5 of the Dungeon)
  3715 | D:5      | HP: 2/44 [orc wizard/+0 dagger (6)]
  3718 | D:5      | Slain by an orc

Levels and vault maps discovered:
D:1:      wander_arrival_desolate, layout_loops_ring
D:2:      layout_loops_ring
D:3:      layout_loops_ring, elyvilon_altar_3, overflow_temple_1_default,
          gammafunk_ghost_smash, first_ration, grunt_ministairs_7, uniq_jessica,
          uniq_ijyb
D:4:      layout_basic, overflow_temple_1_default, uniq_edmund
D:5:      layout_rooms, st_stairs_6

Skill      XL: |  1  2  3  4  5  6  7 |
---------------+----------------------+-----
Stealth        | 1 2 3 4 |  4.1
Dodging        | 3 4 5 |  5.5
Fighting       | 3 4 5 |  5.2
Translocations | 1 2 |  2.1
Polearms       | 1 2 |  2.2
Short Blades   | |  2.6
Armour         | |  0.7
Spellcasting   | |  2.1
Charms         | |  2.4

Action                   |  1- 3 |  4- 6 |  7- 9 || total
-------------------------+-------+-------+-------++-------
Melee: Short sword       |    31 |       |       ||    31
       Dagger            |   167 |    82 |       ||   249
       Trident           |       |    49 |    49 ||    98
 Cast: Infusion          |     5 |     7 |       ||    12
       Shroud of Golubri |     1 |     6 |     3 ||    10
Invok: Heroism           |       |       |     2 ||     2
Evoke: Wand              |       |     3 |       ||     3
  Use: Scroll            |       |     6 |       ||     6
       Potion            |       |       |     3 ||     3
 Stab: Sleeping          |     2 |     2 |       ||     4
  Eat: Chunk             |     9 |     8 |     1 ||    18
Armor: Leather armour    |    31 |    39 |    12 ||    82
Dodge: Dodged            |   107 |   117 |    92 ||   316
